 Dungeon Sprint DCSS version 0.21.1-1-g345015fe64 (webtiles) character file.

254 Htamos the Fighter (level 6, -7/52 HPs)
             Began as a Gargoyle Berserker on July 13, 2018.
             Was a Believer of Trog.
             Splashed by a jelly's acid (8 damage)
             ... in the Dungeon (Sprint I: "Red Sonja").
             The game lasted 00:01:58 (481 turns).

Htamos the Fighter (Gargoyle Berserker)              Turns: 481, Time: 00:01:59

Health: -7/52      AC:  6    Str: 23    XL:     6   Next: 15%
Magic:  6/6        EV: 12    Int:  7    God:    Trog [**....]
Gold:   108        SH:  0    Dex:  9    Spells: 5/5 levels left

rFire    . . .     SeeInvis .   a - +0 mace
rCold    . . .     Gourm    .   (no shield)
rNeg     + . .     Faith    .   b - +0 animal skin
rPois    ∞         Spirit   .   (no helmet)
rElec    +         Reflect  .   (no cloak)
rCorr    .         Harm     .   (no gloves)
MR       .....     NoTele   +   (no boots)
Stlth    +.........             (no amulet)
HPRegen  0.17/turn              (no ring)
MPRegen  0.10/turn              (no ring)

@: no status effects
A: negative energy resistance 1, electricity resistance, unbreathing,
petrification resistance, rot immunity, AC +4
a: Berserk, Trog's Hand, Burn Spellbooks, Renounce Religion


You were in the Dungeon.
You worshipped Trog.
Trog was pleased with you.
You were not hungry.

You visited 1 branch You collected 108 gold pieces.

Inventory:

Hand Weapons
 a - a +0 mace (weapon)
Armour
 b - a +0 animal skin (worn)
Scrolls
 i - a scroll of blinking
Potions
 g - 2 potions of magic
Comestibles
 c - a ration


   Skills:
 + Level 13.3 Fighting
 - Level 3.0 Maces & Flails
 - Level 2.1 Armour
 - Level 1.5 Dodging


You had 5 spell levels left.
You didn't know any spells.

Dungeon Overview and Level Annotations

Branches:
Dungeon (1/1)

Altars:
Makhleb
Sif Muna
Vehumet
Wu Jian
Xom
Jiyva
Lugonu


Innate Abilities, Weirdness & Mutations

You are resistant to torment.
Your stone body is resilient. (AC +4)
You are immune to poison.
You resist negative energy. (rN+)
You are resistant to electric shocks. (rElec)
You can survive without breathing.
You are immune to petrification.
You are immune to rotting.


Message History

You see here a giant club.
You close the door.
You hear a slurping noise.
The jelly eats the door!
Your extra speed is starting to run out.
You are no longer corroded.
There is an open door here.
You see here 16 sling bullets.
You see here a falchion.
You feel yourself slow down.
You see here a falchion.
The jelly closely misses you.
You see here 16 sling bullets.
You hit the jelly.
Your hands burn!
* * * LOW HITPOINT WARNING * * *
The jelly is lightly wounded.
The jelly hits you.
* * * LOW HITPOINT WARNING * * *
You are splashed with acid!
The acid burns!
You die...

################ ##
#<.#...).#.....#__#
#...).#..J..#..+J.+
#..#####+#####J#__#
#..# #@# ## #..#
##)# #..# #_.+ #⌠⌠#
+..._# #### #_.#+#
##+


You could see a jelly.

Vanquished Creatures
  Sigmund (D)
  An ogre (D)
  Ijyb (D)
3 creatures vanquished.

Notes
Turn   | Place    | Note
-------+----------+-------------------------------------------
     0 | D        | Htamos the Gargoyle Berserker began the quest for the Orb.
     0 | D        | Reached XP level 1. HP: 14/14 MP: 1/1
     2 | D        | Noticed Ijyb
    10 | D        | Killed Ijyb
    10 | D        | Reached skill level 6 in Fighting
    10 | D        | Reached XP level 2. HP: 23/23 MP: 2/2
    15 | D        | Noticed an ogre
    17 | D        | Killed an ogre
    17 | D        | Reached skill level 10 in Fighting
    17 | D        | Reached XP level 3. HP: 18/32 MP: 3/3
    17 | D        | Reached XP level 4. HP: 21/37 MP: 4/4
   196 | D        | Noticed Sigmund
   229 | D        | Killed Sigmund
   229 | D        | Reached ** piety under Trog
   229 | D        | Reached skill level 13 in Fighting
   229 | D        | Reached XP level 5. HP: 17/47 MP: 5/5
   229 | D        | Reached XP level 6. HP: 19/52 MP: 6/6
   424 | D        | Found a burning altar of Makhleb.
   424 | D        | Found a viscous altar of Jiyva.
   424 | D        | Found a shimmering altar of Xom.
   424 | D        | Found a corrupted altar of Lugonu.
   424 | D        | Noticed a slime creature
   426 | D        | Found an ornate altar of the Wu Jian Council.
   426 | D        | Found a deep blue altar of Sif Muna.
   428 | D        | Found a radiant altar of Vehumet.
   434 | D        | HP: 2/52 [acid (10)]
   481 | D        | HP: 2/52 [acid (5)]
   481 | D        | Splashed by a jelly's acid

Skill      XL: |  1  2  3  4 |
---------------+-------------+-----
Fighting       | 6 10 13 | 13.3
Maces & Flails | |  3.0
Armour         | |  2.1
Dodging        | |  1.5

Action                   |  1- 3 |  4- 6 || total
-------------------------+-------+-------++-------
Melee: Mace              |     9 |    20 ||    29
  Use: Potion            |     1 |     3 ||     4
Armor: Animal skin       |     2 |       ||     2
Dodge: Dodged            |     5 |    17 ||    22
